 Dungeon Crawl Stone Soup version 0.25.1-2-g60ff931df9 (webtiles) character file.

Game seed: 11990814443798386577

330148 DearestLeader the Demonic Cataclysm (level 20, -9/163 HPs)
             Began as a Demonspawn Gladiator on Oct 8, 2020.
             Was a High Priest of Qazlal.
             Killed by the air
             ... invoked by a titan
              (22 damage)
             ... on level 5 of the Vaults.
             The game lasted 01:55:29 (43513 turns).

DearestLeader the Demonic Cataclysm (DsGl)         Turns: 43513, Time: 01:55:29

Health: -9/163     AC: 40    Str: 31    XL:     20   Next: 84%
Magic:  0/33       EV: 20    Int: 11    God:    Qazlal [*****.]
Gold:   1291       SH: 12    Dex: 16    Spells: 19/19 levels left

rFire    + + .     SeeInvis +   S - +6 war axe of Thoughtfulness {flame, *Noise rF+ Str+3}
rCold    . . .     Gourm    .   p - +0 buckler
rNeg     . . .     Faith    .   a - +0 crystal plate armour
rPois    +         Spirit   +   O - +3 crown of Dyrovepreva {rElec Int+2 SInv}
rElec    +         Reflect  .   A - +0 cloak
rCorr    .         Harm     .   E - +1 pair of gloves
MR       +....                  K - +0 pair of boots of Negligence {Str+5}
Stlth    ..........             H - amulet of guardian spirit
HPRegen  0.37/turn              T - ring of protection from fire
MPRegen  0.23/turn              w - +4 ring of slaying

@: agile, about to teleport, protected from physical damage, very slightly
contaminated, lightly drained, repel missiles
A: hooves 2, slimy green scales 3, demonic guardian 2, powered by pain 1,
augmentation 2
}: 2/15 runes: decaying, gossamer
a: Upheaval, Elemental Force, Disaster Area, Renounce Religion


You were on level 5 of the Vaults.
You worshipped Qazlal.
Qazlal was extremely pleased with you.
You were not hungry.

You visited 7 branches of the dungeon, and saw 37 of its levels.
You visited 1 bazaar.

You collected 3417 gold pieces.
You spent 2126 gold pieces at shops.

Inventory:

Hand Weapons
 S - the +6 war axe of Thoughtfulness (weapon) {flame, *Noise rF+ Str+3}
   (You found it on level 2 of the Lair of Beasts)

   It has been specially enchanted to burn those struck by it, causing extra
   injury to most foes and up to half again as much damage against particularly
   susceptible opponents.
   Big, fiery blades are also staple armaments of hydra-hunters.
   It affects your strength (+3).
   It protects you from fire.
   It may make noises in combat.
Missiles
 d - 8 throwing nets (quivered)
Armour
 a - a +0 crystal plate armour (worn)
 p - a +0 buckler (worn)
 A - a +0 cloak (worn)
 E - a +1 pair of gloves (worn)
 K - the +0 pair of boots of Negligence (worn) {Str+5}
   (You found it on level 2 of the Spider Nest)

   It affects your strength (+5).
 O - the +3 crown of Dyrovepreva (worn) {rElec Int+2 SInv}
   (You bought it in a shop on level 2 of the Orcish Mines)

   It affects your intelligence (+2).
   It insulates you from electricity.
   It lets you see invisible.
Jewellery
 c - an uncursed ring of protection from cold
 o - an uncursed ring of protection from cold
 v - an uncursed ring of resist corrosion
 w - a +4 ring of slaying (right hand)
 H - an amulet of guardian spirit (around neck)
 T - a ring of protection from fire (left hand)
 Z - an uncursed ring of protection from magic
Wands
 e - a wand of disintegration (64)
 s - a wand of paralysis (40)
 y - a wand of acid (18)
 N - a wand of iceblast (19)
 V - a wand of enslavement (7)
 X - a wand of digging (7)
Scrolls
 h - 2 scrolls of identify
 k - 10 scrolls of enchant armour
 m - 5 scrolls of magic mapping
 q - 6 scrolls of enchant weapon
 r - 4 scrolls of blinking
 z - 2 scrolls of fear {unknown}
 C - 18 scrolls of teleportation
 F - 3 scrolls of acquirement {unknown}
 G - 19 scrolls of remove curse
 I - 13 scrolls of fog
 M - 2 scrolls of immolation {unknown}
 Q - 4 scrolls of vulnerability {unknown}
 W - 2 scrolls of holy word {unknown}
 Y - 2 scrolls of torment {unknown}
Potions
 b - 8 potions of ambrosia
 g - 11 potions of curing
 i - 3 potions of might
 j - 3 potions of berserk rage
 l - 4 potions of invisibility
 t - 5 potions of brilliance
 x - 3 potions of cancellation
 B - 9 potions of flight
 D - a potion of resistance
 L - 4 potions of magic {unknown}
 P - 4 potions of stabbing {unknown}
 R - 6 potions of mutation {unknown}
Miscellaneous
 U - a lightning rod (4/4)
Comestibles
 f - 67 rations


   Skills:
 * Level 15.5(14.9) Fighting
 - Level 17.9(17.3) Axes
   Level 2.6(11.8) Polearms
 - Level 1.7(1.3) Throwing
 * Level 16.9(16.2) Armour
 + Level 14.5(13.8) Dodging
 - Level 4.0(3.5) Shields
 + Level 18.5(17.8) Invocations


You had 19 spell levels left.
You didn't know any spells.
Your spell library contained the following spells:

 Spells                   Type           Power        Failure   Level  Hunger
 Animate Skeleton         Necr           N/A          99%         1    ##.....
 Corona                   Hex            #......      99%         1    ##.....
 Infusion                 Chrm           #...         99%         1    ##.....
 Pain                     Necr           #...         99%         1    ##.....
 Blink                    Tloc           N/A          100%        2    ###....
 Ensorcelled Hibernation  Hex/Ice        #.....       100%        2    ###....
 Shroud of Golubria       Chrm/Tloc      #.....       100%        2    ###....
 Slow                     Hex            #.......     100%        2    ###....
 Song of Slaying          Chrm           #.......     100%        2    ###....
 Confusing Touch          Hex            #.......     100%        3    ####...
 Dazzling Flash           Conj/Hex       #.....       100%        3    ####...
 Gell's Gravitas          Tloc           #.........   100%        3    ####...
 Inner Flame              Hex/Fire       #.......     100%        3    ####...
 Lesser Beckoning         Tloc           #.........   100%        3    ####...
 Ozocubu's Armour         Chrm/Ice       #.......     100%        3    ####...
 Portal Projectile        Hex/Tloc       #.....       100%        3    ####...
 Spectral Weapon          Hex/Chrm       #.......     100%        3    ####...
 Teleport Other           Tloc           #.......     100%        3    ####...
 Tukima's Dance           Hex            #.......     100%        3    ####...
 Vampiric Draining        Necr           #.........   100%        3    ####...
 Animate Dead             Necr           N/A          100%        4    #####..
 Cause Fear               Hex            #.........   100%        4    #####..
 Ice Form                 Ice/Tmut       #.......     100%        4    #####..
 Leda's Liquefaction      Hex/Erth       #.........   100%        4    #####..
 Passage of Golubria      Tloc           N/A          100%        4    #####..
 Summon Lightning Spire   Summ/Air       #.......     100%        4    #####..
 Agony                    Necr           #.......     100%        5    ######.
 Metabolic Englaciation   Hex/Ice        #.........   100%        5    ######.
 Silence                  Hex/Air        #.........   100%        5    ######.
 Conjure Ball Lightning   Conj/Air       #.........   100%        6    #######
 Freezing Cloud           Conj/Ice/Air   #.........   100%        6    #######
 Ozocubu's Refrigeration  Ice            #.........   100%        6    #######
 Simulacrum               Ice/Necr       #.........   100%        6    #######
 Tornado                  Air            #.........   100%        9    #######


Dungeon Overview and Level Annotations

Branches:
Dungeon (15/15)            Temple (1/1) D:4            Lair (6/6) D:9
  Swamp (4/4) Lair:4       Spider (4/4) Lair:3        Slime (0/5) Lair:5
    Orc (2/2) D:12            Elf (0/3) Orc:2        Vaults (5/5) D:13
  Crypt (0/3) Vaults:2     Depths (0/5) D:15

Altars:
Ashenzari
Cheibriados
Dithmenos
Fedhas
Gozag
Hepliaklqana
Kikubaaqudgha
Makhleb
Nemelex Xobeh
Okawaru
Qazlal
Ru
Trog
Uskayaw
Wu Jian
Xom
Yredelemnul
Zin
The Shining One
Beogh

Shops:
D:6 }   D:11 ?   Orc:2 (**[*   Vaults:1 =   Vaults:4 [

Annotations:
D:8 2 transporters, Acheron's ghost, novice MiCK
D:12 7 runed translucent doors, Cykl0x's ghost, journeyman FoFi; Fannar; MilkNation's ghost, journeyman NaGl; Weidevuuvye's ghost, journeyman HOFi
Lair:4 1 runed translucent door, Sihoecuk's ghost, journeyman TrIE
Swamp:1 1 runed translucent door, mys's ghost, adept CeHu
Vaults:1 3 runed translucent doors, Qaorriuv's ghost, veteran MiFi


Innate Abilities, Weirdness & Mutations

You have hoof-like feet.
You are completely covered in slimy green scales. (AC +4, rPois)
A demonic guardian rushes to your aid.
You sometimes gain a little power by taking damage.
Your magical and physical power is enhanced at high health.


Message History

* * * LOW HITPOINT WARNING * * *
You feel more protected from physical attacks.
The tentacled monstrosity grabs you.
* * * LOW HITPOINT WARNING * * *
The tentacled monstrosity constricts you!
The tengu reaver hits your soul eater with a +0 dire flail!
The tengu reaver pecks your soul eater but does no damage.
The tengu reaver claws your soul eater but does no damage.
You escape the tentacled monstrosity's grasp.
The titan is engulfed in freezing vapours.
Your soul eater hits the titan!!
Okay, then.
As you read the scroll of teleportation, it crumbles to dust.
You feel strangely unstable.
Something barely misses your soul eater.
Something claws your soul eater but does no damage.
The sphinx is engulfed in freezing vapours.
The titan waves its arms in wide circles.
The air twists around and strikes you!!
You die...

#..Q.C..c..
#.3#.......
#..#.......
#.C#.......
#°.#.......
#HC#.......
#C☼#......#
#☼X# #.@#
#4.# #..#
#..# #..#
#..# #..#
#..#


You could see a tentacled monstrosity, 2 titans, a sphinx, an ettin, a friendly
soul eater (summoned) and a friendly ice devil (summoned).

Vanquished Creatures
  Mara (Swamp:3)
  the Lernaean hydra (Swamp:4)
  Boris (Vaults:4)
  Nikola (Spider:1)
  Arachne (Spider:2)
  Jorgrun (Lair:3)
  A lich (Vaults:4)
  Rupert (D:13)
  Asterion (Spider:4)
  5 thorn hunters
  An ancient champion (Vaults:2)
  Kirke (Spider:3)
  Donald (Swamp:1)
  A shadow dragon (Vaults:4)
  3 fire giants
  6 vault wardens
  Aizul (Spider:1)
  A deep elf sorcerer (Vaults:3)
  3 frost giants (Vaults:4)
  6 emperor scorpions
  2 ghost moths
  A deep elf elementalist (Vaults:5)
  10 ironheart preservers
  8 stone giants
  A very ugly thing (Vaults:5)
  Nessos (D:15)
  A vampire knight (Vaults:2)
  9 entropy weavers
  2 deep elf annihilators (Vaults:2)
  A spark wasp (shapeshifter) (Vaults:3)
  3 ettins
  A deep elf death mage (Vaults:1)
  Snorg (Orc:1)
  8 yaktaur captains
  A deep elf high priest (Vaults:5)
  2 great orbs of eyes
  Josephine (D:14)
  2 ice dragons
  21 vault guards
  25 hydras
  3 rakshasas
  7 centaur warriors
  3 catoblepae
  3 shambling mangroves
  12 alligators
  7 death yaks
  14 two-headed ogres
  7 ogre magi
  Sonja (Lair:5)
  4 skeletal warriors (Vaults:2)
  10 deep elf knights
  A fire crab (Lair:5)
  A shadow wraith (Vaults:3)
  4 hell knights (Vaults:3)
  17 swamp dragons
  A sea snake (shapeshifter) (Vaults:3)
  2 spriggan druids
  2 unseen horrors
  3 deep trolls (Vaults:5)
  13 ironbrand convokers
  3 wizards
  2 harpies (shapeshifter)
  3 necromancers
  7 deep elf archers
  30 wolf spiders
  An orb spider (shapeshifter) (Vaults:3)
  A phantasmal warrior (Vaults:2)
  17 deep elf magi
  4 orc sorcerers
  14 orc knights
  4 manticores
  24 orb spiders
  14 ugly things
  4 moths of wrath
  11 cyclopes
  A frost giant skeleton (Vaults:2)
  A black mamba (shapeshifter) (D:15)
  Maurice (D:13)
  6 vault sentinels (Vaults:2)
  11 spiny frogs
  6 black mambas
  2 gargoyles
  A spiny frog (shapeshifter) (Vaults:4)
  5 kobold demonologists (D:15)
  3 human zombies (Vaults:2)
  A torpor snail (shapeshifter) (D:13)
  2 komodo dragons (shapeshifter) (Vaults:1)
  An efreet (D:10)
  36 yaktaurs
  A rime drake (Lair:3)
  11 komodo dragons
  3 freezing wraiths
  19 demonic crawlers
  A meliai (D:13)
  7 trolls
  A polar bear (shapeshifter) (Vaults:2)
  13 tyrant leeches
  23 hornets
  Grinder (D:3)
  A shadow dragon simulacrum (Vaults:4)
  6 polar bears
  23 slime creatures
  13 jumping spiders
  6 bog bodies
  2 dream sheep (Lair:6)
  12 hippogriffs
  51 redbacks
  12 blink frogs
  Sigmund (D:3)
  18 spriggans
  3 shadows
  27 tarantellas
  4 wraiths
  A basilisk (Lair:3)
  2 wyverns
  2 hogs (Spider:3)
  A yak (shapeshifter) (Vaults:2)
  2 human simulacra (Vaults:3)
  34 yaks
  15 vampire mosquitoes
  4 hungry ghosts
  14 swamp worms
  A steam dragon (D:10)
  A warg (shapeshifter) (D:13)
  11 wargs
  19 insubstantial wisps
  Duvessa (D:5)
  10 water moccasins
  25 soldier ants
  2 acid dragons
  7 porcupines
  6 black bears
  4 sky beasts
  12 ice beasts
  44 orc warriors
  20 swamp drakes
  A phantom (D:7)
  2 hornet zombies
  3 necrophages
  23 ogres
  An eye of draining (D:15)
  33 wolves
  9 boggarts
  An eye of draining (shapeshifter) (Vaults:4)
  35 centaurs
  11 crocodiles
  26 bullfrogs
  A wyvern zombie (D:12)
  A glowing shapeshifter simulacrum (Vaults:3)
  8 scorpions
  A wyvern skeleton (D:10)
  Dowan (D:5)
  3 killer bees (D:12)
  A wight (D:11)
  4 howler monkeys
  2 bullfrog zombies
  5 centaur zombies
  11 crimson imps
  A quasit (D:10)
  20 orc priests
  8 jellies
  4 centaur skeletons
  2 hounds
  6 iguanas
  15 orc wizards
  3 bullfrog skeletons
  Natasha (thrice) (D:3)
  Terence (D:3)
  28 worker ants
  A killer bee zombie (D:10)
  2 hound zombies
  A mummy (D:11)
  3 worker ant zombies
  A howler monkey zombie (D:11)
  10 gnolls
  16 adders
  A shadow imp (D:9)
  21 oozes
  2 adder skeletons
  5 worms
  3 dart slugs
  6 leopard geckos
  81 orcs
  2 giant cockroaches
  6 goblins
  7 hobgoblins
  8 jackals
  6 quokkas
  8 bats
  8 frilled lizards
  A giant cockroach zombie (D:6)
  10 kobolds
  4 rats
  7 briar patches (Swamp:4)
  3 fungi
  4 plants
1468 creatures vanquished.

Vanquished Creatures (collateral kills)
  Margery (Vaults:3)
  A tentacled monstrosity (Vaults:1)
  Gastronok (Lair:2)
  A sphinx (Vaults:4)
  A frost giant (Vaults:3)
  An ettin (D:15)
  A deep elf death mage (Vaults:1)
  An ogre mage (Vaults:2)
  2 vault guards (Vaults:5)
  3 centaur warriors (Vaults:1)
  An alligator (Swamp:1)
  4 two-headed ogres
  A queen ant (Lair:4)
  A spriggan (Swamp:3)
  A swamp dragon (Swamp:2)
  An orc knight (Vaults:2)
  An ironbrand convoker (Vaults:2)
  An orc sorcerer (Orc:2)
  An orb spider (Spider:3)
  A deep elf mage (Vaults:2)
  A salamander (shapeshifter) (D:13)
  5 ugly things
  A black mamba (Lair:2)
  2 vault sentinels
  2 centaur skeletons
  2 spiny frogs
  3 yaktaurs (Vaults:3)
  A demonic crawler (Spider:4)
  A jumping spider (Spider:4)
  A meliai (shapeshifter) (Vaults:4)
  A hornet (Swamp:3)
  A bog body (Swamp:2)
  A redback (Spider:2)
  2 wraiths (D:14)
  2 yaks
  A wyvern (Lair:3)
  A swamp worm (Swamp:2)
  A warg (Orc:2)
  An acid dragon (D:13)
  4 orc warriors (Orc:2)
  A black bear (D:6)
  An ogre (Vaults:1)
  2 wolves
  10 centaurs
  2 crocodiles
  A bullfrog (Lair:5)
  2 crimson imps
  A hound (D:8)
  An iguana (D:10)
  3 gnolls
  A worker ant zombie (D:11)
  A leopard gecko (D:5)
  5 orcs
91 creatures vanquished.

Vanquished Creatures (others)
  A vault guard (Vaults:5)
  An unseen horror (D:13)
  A wolf spider (Spider:1)
  A jumping spider (Spider:4)
  A redback (Spider:1)
  A centaur (Orc:2)
  3 bushes (D:9)
  16 fungi
  11 plants
  2 withered plants (D:11)
38 creatures vanquished.

Grand Total: 1597 creatures vanquished

Notes
Turn   | Place    | Note
-------+----------+-------------------------------------------
     0 | D:1      | DearestLeader the Demonspawn Gladiator began the quest for
                  | the Orb.
     0 | D:1      | Reached XP level 1. HP: 16/16 MP: 1/1
   337 | D:1      | Gained mutation: You have large cloven feet. [demonic
                  | ancestry]
   337 | D:1      | Reached XP level 2. HP: 23/23 MP: 2/2
  1255 | D:2      | Reached XP level 3. HP: 19/28 MP: 3/3
  1836 | D:2      | Reached XP level 4. HP: 23/35 MP: 4/4
  2665 | D:3      | Noticed Sigmund
  2689 | D:3      | Killed Sigmund
  2689 | D:3      | Gained mutation: A weak demonic guardian rushes to your
                  | aid. [demonic ancestry]
  2689 | D:3      | Reached XP level 5. HP: 23/43 MP: 5/5
  2689 | D:3      | Gained mutation: You are partially covered in slimy green
                  | scales. (AC +2) [demonic ancestry]
  2689 | D:3      | Reached XP level 6. HP: 26/49 MP: 6/6
  2888 | D:3      | Noticed Terence
  2896 | D:3      | Killed Terence
  2896 | D:3      | Reached skill level 5 in Fighting
  2896 | D:3      | Reached skill level 5 in Dodging
  2956 | D:3      | Noticed Natasha
  2959 | D:3      | Killed Natasha
  2968 | D:3      | Noticed Natasha
  2972 | D:3      | Killed Natasha
  3011 | D:3      | Reached skill level 1 in Shields
  3092 | D:3      | Noticed Grinder
  3095 | D:3      | Paralysed by Grinder for 4 turns
  3106 | D:3      | Paralysed by Grinder for 2 turns
  3121 | D:3      | Paralysed by Grinder for 6 turns
  3139 | D:3      | Paralysed by Grinder for 4 turns
  3149 | D:3      | Killed Grinder
  3149 | D:3      | Reached skill level 1 in Armour
  3149 | D:3      | Gained mutation: You have hoof-like feet. [demonic
                  | ancestry]
  3149 | D:3      | Reached XP level 7. HP: 21/56 MP: 7/7
  3479 | D:3      | Noticed Natasha
  3484 | D:3      | Killed Natasha
  3961 | D:4      | Got an ancient scale mail
  3973 | D:4      | Identified the +5 scale mail of Lahocroa {Str+2} (You found
                  | it on level 4 of the Dungeon)
  4464 | D:4      | Found a staircase to the Ecumenical Temple.
  4473 | Temple   | Entered the Ecumenical Temple
  4582 | Temple   | Became a worshipper of Qazlal Stormbringer
  4914 | D:4      | Gained mutation: You are mostly covered in slimy green
                  | scales. (AC +3) [demonic ancestry]
  4914 | D:4      | Reached XP level 8. HP: 44/62 MP: 8/8
  5127 | D:5      | Entered Level 5 of the Dungeon
  5133 | D:5      | Reached skill level 1 in Axes
  5524 | D:5      | Noticed Dowan
  5539 | D:5      | Killed Dowan
  5788 | D:5      | Noticed Duvessa
  5814 | D:5      | Killed Duvessa
  6285 | D:6      | Found a shimmering altar of Xom.
  6504 | D:6      | Found Kolihu's Gadget Shop.
  6524 | D:6      | Reached * piety under Qazlal
  6705 | D:6      | Reached XP level 9. HP: 62/68 MP: 9/9
  6899 | D:6      | Found a glowing golden altar of the Shining One.
  6992 | D:7      | Reached skill level 5 in Axes
  7106 | D:7      | Found a hazy altar of Hepliaklqana.
  7405 | D:8      | Reached skill level 5 in Armour
  7411 | D:8      | Reached ** piety under Qazlal
  7837 | D:8      | Reached skill level 1 in Invocations
  7961 | D:8      | Noticed a moth of wrath
  7992 | D:8      | Noticed Acheron's ghost (novice MiCK)
  8023 | D:8      | Found a transporter.
  8060 | D:8      | Found a transporter.
  8229 | D:9      | Found an iron altar of Okawaru.
  8232 | D:9      | Reached skill level 2 in Invocations
  8253 | D:9      | Gained mutation: You are completely covered in slimy green
                  | scales. (AC +4, rPois) [demonic ancestry]
  8253 | D:9      | Reached XP level 10. HP: 67/74 MP: 9/11
  8431 | D:9      | Reached skill level 3 in Invocations
  8503 | D:9      | Found a staircase to the Lair.
  8522 | D:9      | Reached skill level 4 in Invocations
  8526 | D:9      | Reached *** piety under Qazlal
  8969 | D:10     | Entered Level 10 of the Dungeon
  9037 | D:10     | Reached skill level 5 in Invocations
  9475 | D:10     | Reached skill level 6 in Invocations
  9882 | D:10     | Noticed a two-headed ogre
  9889 | D:10     | Killed a two-headed ogre
  9889 | D:10     | Reached XP level 11. HP: 79/79 MP: 15/15
 10084 | D:11     | Reached **** piety under Qazlal
 10085 | D:11     | Reached skill level 10 in Axes
 10127 | D:11     | Reached skill level 7 in Invocations
 10604 | D:11     | Noticed a seven-headed hydra
 10610 | D:11     | Killed a seven-headed hydra
 10610 | D:11     | Reached skill level 8 in Invocations
 10790 | D:11     | Found Noegihou's Magic Scroll Shop.
 10796 | D:11     | Bought a scroll of teleportation for 51 gold pieces
 10796 | D:11     | Bought a scroll of teleportation for 51 gold pieces
 10995 | Lair:1   | Entered Level 1 of the Lair of Beasts
 11366 | Lair:1   | Noticed an eight-headed hydra
 11373 | Lair:1   | Killed an eight-headed hydra
 11806 | Lair:1   | Reached skill level 9 in Invocations
 12710 | Lair:2   | Reached XP level 12. HP: 84/86 MP: 18/18
 12809 | Lair:2   | Got an ancient war axe
 12809 | Lair:2   | Identified the +6 war axe of Thoughtfulness {flame, *Noise
                  | rF+ Str+3} (You found it on level 2 of the Lair of Beasts)
 13036 | Lair:2   | Noticed Gastronok
 13045 | Lair:2   | Killed Gastronok
 13527 | Lair:3   | Noticed a four-headed hydra
 13537 | Lair:3   | Killed a two-headed hydra
 13618 | Lair:3   | Reached skill level 10 in Invocations
 14354 | Lair:3   | Found a hole to the Spider Nest.
 14500 | Lair:4   | Reached ***** piety under Qazlal
 14502 | Lair:4   | Noticed an entropy weaver
 14506 | Lair:4   | Noticed an entropy weaver
 14507 | Lair:4   | Killed an entropy weaver
 14507 | Lair:4   | Reached skill level 10 in Armour
 14535 | Lair:3   | Killed an entropy weaver
 14835 | Lair:4   | Gained mutation: Your magical and physical power is
                  | slightly enhanced at high health. [demonic ancestry]
 14835 | Lair:4   | Reached XP level 13. HP: 91/91 MP: 20/20
 15367 | Lair:4   | Found a staircase to the Swamp.
 15691 | Lair:4   | Found a runed translucent door.
 15691 | Lair:4   | Found a shimmering altar of Xom.
 15691 | Lair:4   | Noticed Sihoecuk's ghost (journeyman TrIE)
 15691 | Lair:4   | Identified the cursed +2 great mace of the Ancients {chaos,
                  | Dex+4}
 16154 | Lair:5   | Found a staircase to the Slime Pits.
 16289 | Lair:5   | Noticed Sonja
 16302 | Lair:5   | Killed Sonja
 16926 | Lair:6   | Entered Level 6 of the Lair of Beasts
 16985 | Lair:6   | Reached skill level 15 in Axes
 16992 | Lair:6   | Reached XP level 14. HP: 80/98 MP: 21/21
 17231 | Lair:6   | Reached ****** piety under Qazlal
 18689 | D:12     | Found a runed translucent door.
 18706 | D:12     | Found a runed translucent door.
 18720 | D:12     | Found a runed translucent door.
 18754 | D:12     | Found a staircase to the Orcish Mines.
 18781 | D:12     | Found a runed translucent door.
 18954 | D:12     | Noticed Fannar
 19047 | D:12     | Found a runed translucent gate.
 19047 | D:12     | Found a runed translucent gate.
 19047 | D:12     | Found a runed translucent gate.
 19047 | D:12     | Noticed MilkNation's ghost (journeyman NaGl)
 19048 | D:12     | Noticed Weidevuuvye's ghost (journeyman HOFi)
 19049 | D:12     | Noticed Cykl0x's ghost (journeyman FoFi)
 19319 | D:13     | Found a gate leading to a gauntlet.
 19347 | D:13     | Noticed Rupert
 19350 | D:13     | Paralysed by Rupert for 5 turns
 19643 | D:13     | Reached skill level 11 in Invocations
 19790 | D:13     | Noticed Maurice
 19798 | D:13     | Killed Maurice
 19824 | D:13     | Paralysed by Rupert for 7 turns
 19842 | D:13     | Killed Rupert
 20208 | D:13     | Found a gate to the Vaults.
 20397 | Orc:1    | Entered Level 1 of the Orcish Mines
 20397 | Orc:1    | Noticed Snorg
 20408 | Orc:1    | Killed Snorg
 20726 | Orc:2    | Entered Level 2 of the Orcish Mines
 20726 | Orc:2    | Found a staircase to the Elven Halls.
 20739 | Orc:2    | Gained mutation: Your magical and physical power is
                  | enhanced at high health. [demonic ancestry]
 20739 | Orc:2    | Reached XP level 15. HP: 53/103 MP: 8/23
 21257 | Orc:2    | Found Gixzibb's Weapon Shoppe.
 21262 | Orc:2    | Paralysed by an orc sorcerer for 6 turns
 21720 | Orc:2    | Found Moebb's Antique Armour Boutique.
 21720 | Orc:2    | Found Onypi's Assorted Antiques.
 21722 | Orc:2    | Found Wifeocuf's General Store.
 21724 | Orc:2    | Found Pouko's Assorted Antiques.
 21728 | Orc:2    | Bought the +3 crown of Dyrovepreva {rElec Int+2 SInv} for
                  | 1407 gold pieces
 21728 | Orc:2    | Found the +3 crown of Dyrovepreva {rElec Int+2 SInv}
 22522 | Swamp:1  | Entered Level 1 of the Swamp
 22549 | Swamp:1  | Noticed Donald
 22569 | Swamp:1  | Killed Donald
 22715 | Swamp:1  | Noticed a thorn hunter
 22735 | Swamp:1  | Killed a thorn hunter
 22735 | Swamp:1  | Reached skill level 10 in Dodging
 23143 | Swamp:1  | Reached skill level 12 in Invocations
 23569 | Swamp:1  | Found a runed translucent door.
 23569 | Swamp:1  | Found a shimmering altar of Xom.
 23570 | Swamp:1  | Noticed mys's ghost (adept CeHu)
 23848 | Swamp:2  | Noticed a thorn hunter
 23861 | Swamp:2  | Killed a thorn hunter
 24937 | Swamp:2  | Reached skill level 13 in Invocations
 24938 | Swamp:2  | Reached XP level 16. HP: 88/110 MP: 19/25
 25273 | Swamp:3  | Noticed Mara
 25274 | Swamp:3  | Noticed a thorn hunter
 25279 | Swamp:3  | Killed a thorn hunter
 25282 | Swamp:3  | Noticed DearestLeader's illusion
 25296 | Swamp:3  | Killed Mara
 26137 | Swamp:4  | Entered Level 4 of the Swamp
 26227 | Swamp:4  | Noticed a thorn hunter
 26241 | Swamp:4  | Killed a thorn hunter
 26488 | Swamp:4  | Noticed a thorn hunter
 26502 | Swamp:4  | Killed a thorn hunter
 26937 | Swamp:4  | Noticed the 27-headed Lernaean hydra
 26947 | Swamp:4  | Reached skill level 14 in Invocations
 26951 | Swamp:4  | Killed the 23-headed Lernaean hydra
 27509 | Swamp:4  | Got a decaying rune of Zot
 27968 | Spider:1 | Entered Level 1 of the Spider Nest
 27972 | Spider:1 | Noticed Nikola
 27974 | Spider:1 | Noticed Aizul
 27985 | Spider:1 | Noticed Jorgrun
 27990 | Spider:1 | Killed Aizul
 28003 | Spider:1 | Killed Nikola
 28003 | Spider:1 | Reached XP level 17. HP: 60/122 MP: 13/27
 28412 | Lair:3   | Killed Jorgrun
 29497 | Spider:2 | Got a heavily runed bone ring
 29499 | Spider:2 | Identified the ring of Nadghu {AC+4 Str+4 Dex+2} (You found
                  | it on level 2 of the Spider Nest)
 29548 | Spider:2 | Identified the +0 leather armour of Ru's Inspiration
                  | {Int+4}
 29949 | Spider:2 | Noticed Arachne
 29975 | Spider:2 | Killed Arachne
 30463 | Spider:2 | Got a pair of masterwork boots
 30473 | Spider:2 | Identified the cursed +0 pair of boots of Negligence
                  | {Str+5} (You found it on level 2 of the Spider Nest)
 30881 | Spider:3 | HP: 6/124 [poisoned by a redback]
 30886 | Spider:2 | HP: 5/124 [poisoned by a redback]
 30894 | Spider:2 | HP: 4/124 [poisoned by a redback]
 30902 | Spider:2 | HP: 5/124 [poisoned by a redback]
 31901 | Spider:3 | Noticed Kirke
 31903 | Spider:3 | Reached skill level 15 in Invocations
 31914 | Spider:3 | Killed Kirke
 32649 | Spider:4 | Entered Level 4 of the Spider Nest
 32670 | Spider:4 | Noticed Asterion
 32689 | Spider:4 | Killed Asterion
 33579 | Spider:4 | Reached skill level 10 in Fighting
 33640 | Spider:4 | Gained mutation: A demonic guardian rushes to your aid.
                  | [demonic ancestry]
 33640 | Spider:4 | Reached XP level 18. HP: 111/134 MP: 25/29
 34115 | Spider:4 | Got a gossamer rune of Zot
 34845 | D:14     | Found a stormy altar of Qazlal.
 34848 | D:14     | Noticed Josephine
 34859 | D:14     | Killed Josephine
 35262 | D:14     | Found a sacrificial altar of Ru.
 35458 | D:15     | Entered Level 15 of the Dungeon
 35531 | D:15     | Found a basalt altar of Yredelemnul.
 35571 | D:15     | Reached skill level 16 in Invocations
 35648 | D:15     | Noticed Nessos
 35675 | D:15     | Killed Nessos
 35841 | D:15     | Found a staircase to the Depths.
 36405 | Vaults:1 | Entered Level 1 of the Vaults
 36477 | Vaults:1 | Noticed a tentacled monstrosity
 36486 | Vaults:1 | Killed a tentacled monstrosity
 36628 | Vaults:1 | Found Ynime's Jewellery Boutique.
 36631 | Vaults:1 | Bought an uncursed ring of protection from cold for 250
                  | gold pieces
 36826 | Vaults:1 | Reached skill level 15 in Armour
 37491 | Vaults:1 | Found a runed translucent gate.
 37491 | Vaults:1 | Found a runed translucent gate.
 37491 | Vaults:1 | Found a runed translucent gate.
 37491 | Vaults:1 | Identified the +11 tower shield of the Land of Plenty
                  | {rElec MP-9 Dex+3}
 37491 | Vaults:1 | Noticed Qaorriuv's ghost (veteran MiFi)
 37938 | Vaults:1 | Found a roughly hewn altar of Beogh.
 38031 | Vaults:2 | Found a flickering gateway to a bazaar.
 38044 | Bazaar   | Entered a bazaar
 38048 | Bazaar   | Found Ysing's Magic Scroll Boutique.
 38078 | Bazaar   | Found Ytsoleq's Weapon Emporium.
 38120 | Bazaar   | Found Rupoabag's Antique Weapon Shoppe.
 38154 | Bazaar   | Found Tohad's Magic Scroll Shoppe.
 38159 | Bazaar   | Bought a scroll of blinking for 67 gold pieces
 38183 | Bazaar   | Found Petoanuz's Jewellery Emporium.
 38188 | Bazaar   | Bought an uncursed ring of protection from magic for 300
                  | gold pieces
 38244 | Vaults:2 | Gained mutation: You sometimes gain a little power by
                  | taking damage. [demonic ancestry]
 38244 | Vaults:2 | Reached XP level 19. HP: 138/147 MP: 28/31
 38329 | Vaults:2 | Found a staircase to the Crypt.
 38733 | Vaults:2 | Reached skill level 17 in Invocations
 39181 | Vaults:2 | Identified the +5 spear of Battle {pain, rC+ Int+4 Dex+4}
 40589 | Vaults:3 | Noticed Margery
 40602 | Vaults:3 | Killed Margery
 41094 | Vaults:3 | Reached XP level 20. HP: 151/159 MP: 30/32
 41356 | Vaults:3 | Found a shadowy altar of Dithmenos.
 41450 | Vaults:3 | You fall into a shaft and drop 1 floor!
 42016 | Vaults:4 | Reached skill level 18 in Invocations
 42091 | Vaults:4 | Noticed Boris
 42103 | Vaults:4 | Killed Boris
 42803 | Vaults:4 | Reached skill level 15 in Fighting
 42964 | Vaults:4 | Found Fethemm's Armour Emporium.
 43426 | Vaults:5 | Entered Level 5 of the Vaults
 43444 | Vaults:5 | Noticed a golden dragon
 43449 | Vaults:5 | Noticed a golden dragon
 43513 | Vaults:5 | Killed from afar by a titan

Illustrated notes

Levels and vault maps discovered:
D:1:      psy_arrival_wood_between_worlds, layout_loops_ring
D:2:      wad_pebble_path, layout_loops_ring, first_ration, minmay_tetromino_t2
D:3:      layout_loops_cross, minmay_cut_off, uniq_terence, uniq_natasha,
          uniq_sigmund, uniq_grinder
D:4:      layout_loops_corners, minmay_temple_entry_poolview
D:5:      layout_basic, fountainhead, minmay_door_square, uniq_duvessa
D:6:      layout_basic, xom_teletrap_fun, nicolae_tso_swordbearing_angel,
          serial_shops, nicolae_shop_temple_entry_statues_fountains
D:7:      layout_rooms, lemuel_doored_altar
D:8:      layout_rooms, gammafunk_ghost_berserking_beasts, grunt_ogre_cave
D:9:      layout_rooms, old_standard_altar, minmay_lair_entry_grove,
          minmay_strange_pillars, minmay_curled_crystal
D:10:     layout_gridville
D:11:     layout_cave_pools, serial_undead, serial_undead_b, serial_undead_e,
          serial_undead_f, serial_undead_e, serial_undead_d, serial_undead_f,
          serial_shops, shop_fountains
D:12:     layout_rooms, orc_0_dummy, gammafunk_ghost_cemetery,
          minmay_statue_crystal_thing, uniq_fannar
D:13:     layout_irregular_city, david_vaults_2, gauntlet_entry_generic,
          minmay_circle_x, uniq_maurice, uniq_rupert
D:14:     layout_small_grid, nicolae_ru_path_of_blood, grunt_qazlal_clouds,
          uniq_josephine
D:15:     hangedman_depths_entry_civil_slaughter, layout_basic,
          serial_park_avenue1, yredelemnul_altar_generic, uniq_nessos
Temple:   dpeg_five_rooms_temple
Lair:1:   layout_layer_cave, portal_ice_cave_entry_ice_beasts
Lair:2:   layout_regular_city, minivault_23, grunt_megastairs_2,
          lemuel_fruit_tree, uniq_gastronok
Lair:3:   lemuel_slime, layout_gridlike, spider_nest_entry_funnel_web
Lair:4:   layout_cave_pods, swamp_mist, ebering_ghost_xom, minivault_29,
          infiniplex_staircase_pool_2
Lair:5:   nzn_motion_control, layout_regular_city,
          nicolae_slime_entry_slimehenge, minivault_19, fungi_pond_lemuel,
          cheibrodos_lair_lostbears, uniq_sonja
Lair:6:   minmay_lair_end_enchanted_forest, layout_regular_city
Swamp:1:  layout_basic_swamp, ebering_ghost_xom, nicolae_swamp_trees_clearing,
          swamp_pool5, ldierk_geyser, uniq_donald
Swamp:2:  layout_falls_marsh, evilmike_swamp_ruin_house_4, swamp_pool1,
          st_swamp_ruins_4
Swamp:3:  layout_falls_marsh, infiniplex_staircase_pool,
          nicolae_swamp_very_dense_foliage, uniq_mara
Swamp:4:  swamp_old_school, layout_basic_swamp
Spider:1: layout_spider_delve, uniq_jorgrun, uniq_aizul, uniq_nikola
Spider:2: layout_spider_delve, drop_trap, hangedman_spider_tarantella_strand,
          uniq_arachne
Spider:3: layout_chambers, nicolae_crawler_farm, uniq_kirke
Spider:4: grunt_spider_rune_circles, drop_trap, uniq_asterion
Orc:1:    layout_diamond_mine, uniq_snorg
Orc:2:    st_orc_rangers, layout_caves, serial_shops, shop, mines5_lemuel
Vaults:1: biasface_vaults_ghost_orc_armoury, grunt_vaults_funnel,
          vaults_mumra_hexcomb, v_misc_9, grunt_vaults_twisty,
          nicolae_vaults_rhombus_6, layout_vaults_quadrants, serial_shops,
          nicolae_shop_behind_doors
Vaults:2: vaults_standard_mumra_lines, v_misc_5, hangedman_vaults_maws,
          vaults_dpeg_spiral, hangedman_vaults_variations, v_rooms_3,
          nicolae_vaults_alarming, minmay_crypt_entry_simple_box,
          layout_vaults_omnicross, serial_shops, bzr_entry_water
Vaults:3: hangedman_vaults_snaps, v_misc_28, nicolae_vaults_network_barrier,
          grunt_vaults_hallway_short, ontoclasm_vaults_idyll, v_misc_9,
          grunt_vaults_swirl, vaults_room_door_ring, hangedman_vaults_nails,
          nicolae_vaults_circle_grid_b, layout_vaults_ring, basic_altar,
          uniq_margery
Vaults:4: nicolae_vaults_back_hallway, st_octagons_1, ontoclasm_vaults_hangar,
          serial_ice_g, vaults_mumra_chevron, nicolae_vaults_little_squares_6,
          ontoclasm_vaults_fault, vaults_mumra_hex, ontoclasm_vaults_shuriken,
          vaults_room_hallway, v_misc_19, layout_vaults_big_room, serial_shops,
          nicolae_shop_behind_doors, uniq_boris
Vaults:5

Skill      XL: |  1  2  3  4  5  6  7  8  9 10 11 12 13 14 15 16 17 18 19 20 |
---------------+-------------------------------------------------------------+-----
Dodging        | 3 4 5 6 7 9 10 11 12 13 14 | 14.5
Fighting       | 3 4 5 7 10 12 14 15 | 15.5
Shields        | 2 4 |  4.0
Armour         | 1 2 4 6 7 8 10 11 12 13 14 15 16 | 16.9
Axes           | 4 7 9 11 13 15 16 17 | 17.9
Invocations    | 2 6 9 10 11 13 14 15 16 17 18 | 18.5
Polearms       | |  2.6
Throwing       | |  1.7

Action                   |  1- 3 |  4- 6 |  7- 9 | 10-12 | 13-15 | 16-18 | 19-21 || total
-------------------------+-------+-------+-------+-------+-------+-------+-------++-------
Melee: Trident           |    90 |    98 |   106 |       |       |       |       ||   294
       Kick              |    10 |    27 |    85 |   171 |   171 |       |       ||   464
       Hand axe          |       |       |    39 |       |       |       |       ||    39
       Flail             |       |       |   152 |   337 |       |       |       ||   489
       War axe           |       |       |       |   153 |   940 |  1203 |   635 ||  2931
Invok: Upheaval          |       |       |       |     9 |    11 |    19 |     3 ||    42
       Elemental Force   |       |       |       |     1 |     2 |       |     2 ||     5
       Disaster Area     |       |       |       |       |     2 |     2 |     4 ||     8
Evoke: Wand              |       |       |       |       |     6 |       |     1 ||     7
  Use: Scroll            |       |     2 |     7 |       |    11 |     7 |     4 ||    31
       Potion            |       |     2 |       |     2 |     5 |     2 |     4 ||    15
 Stab: Sleeping          |     2 |       |       |       |       |       |       ||     2
       Distracted        |       |     1 |       |     4 |    11 |     3 |     2 ||    21
  Eat: Chunk             |     3 |     4 |    17 |    17 |    21 |    26 |    18 ||   106
       Ration            |       |       |       |     2 |     3 |     5 |       ||    10
Armor: Leather armour    |     5 |       |       |       |       |       |       ||     5
       Ring mail         |    22 |    32 |     9 |       |       |       |       ||    63
       Scale mail        |       |       |    98 |    95 |       |       |       ||   193
       Crystal plate arm |       |       |       |   192 |   392 |   686 |   212 ||  1482
Dodge: Dodged            |    51 |    43 |   149 |   204 |   299 |   539 |   188 ||  1473
       Repelled          |       |       |       |     7 |    24 |    38 |    38 ||   107
Block: Buckler           |       |       |    74 |   247 |   472 |   721 |   263 ||  1777
